 Dungeon Crawl Stone Soup version 0.22.1-2-g9c5b331 (webtiles) character file.

17 Gearfox the Charmwright (level 2, -1/24 HPs)
             Began as a Draconian Skald on Nov 25, 2018.
             Succumbed to a kobold's poison
             ... on level 1 of the Dungeon.
             The game lasted 00:03:20 (650 turns).

Gearfox the Charmwright (Draconian Skald)            Turns: 650, Time: 00:03:21

Health: -1/24      AC:  4    Str: 13    XL:     2   Next: 44%
Magic:  5/5        EV: 12    Int: 13    God:
Gold:   22         SH:  0    Dex: 10    Spells: 4/5 levels left

rFire    . . .     SeeInvis .   a - +0 falchion
rCold    . . .     Gourm    .   (no shield)
rNeg     . . .     Faith    .   (armour unavailable)
rPois    .         Spirit   .   (helmet restricted)
rElec    .         Reflect  .   (no cloak)
rCorr    .         Harm     .   (no gloves)
MR       .....                  (no boots)
Stlth    +.........             (no amulet)
HPRegen  0.08/turn              (no ring)
MPRegen  0.09/turn              (no ring)

@: lethally poisoned (-1 -> -36)
A: unfitting armour, cold-blooded, AC +4
a: no special abilities


You were on level 1 of the Dungeon.
You were not hungry.

You visited 1 branch of the dungeon, and saw 1 of its levels.

You collected 22 gold pieces.

Inventory:

Hand Weapons
 a - a +0 falchion (weapon)
Scrolls
 d - a scroll of teleportation {unknown}
 e - a scroll of identify {unknown}
Potions
 b - a potion of cancellation {unknown}
Comestibles
 c - a ration
 f - 7 chunks of flesh


   Skills:
 + Level 2.2 Fighting
 + Level 2.2 Long Blades
 * Level 2.4 Dodging
 + Level 2.0 Spellcasting
 * Level 3.1 Charms


You had 4 spell levels left.
You knew the following spells:

 Your Spells              Type           Power        Failure   Level  Hunger
a - Infusion              Chrm           #...         7%          1    ##.....

Your spell library contained the following spells:

 Spells                   Type           Power        Failure   Level  Hunger
 Song of Slaying          Chrm           #.......     11%         2    ###....
 Shroud of Golubria       Chrm/Tloc      #.........   21%         2    ###....
 Regeneration             Chrm/Necr      #.........   38%         3    ####...
 Spectral Weapon          Hex/Chrm       #.......     38%         3    ####...


Dungeon Overview and Level Annotations

Branches:
Dungeon (1/15)

Altars:


Innate Abilities, Weirdness & Mutations

Your plain brown scales are hard. (AC +4)
You cannot fit into any form of body armour.
You are cold-blooded and may be slowed by cold attacks.


Message History

The kobold hits you but does no damage.
You miss the kobold.
The kobold is moderately wounded.
You feel very sick. The kobold hits you but does no damage.
You are more poisoned.
You closely miss the kobold.
The kobold is moderately wounded.
You feel very sick.
The kobold hits you with a dagger of venom.
You are more poisoned.
You hit the kobold.
You kill the kobold!
* * * LOW HITPOINT WARNING * * *
You feel very sick.
* * * LOW HITPOINT WARNING * * *
You feel very sick.
* * * LOW HITPOINT WARNING * * *
You feel very sick.
You die...

............... ... .... ....
..............##.# #..# #.
#.#..#.# #.....#.# #..# #.
##.#..#.###.....#.# #..# #.
................#.# #..# #.
).......###.....).####..# ######.
..........+.......##.#..###......
..........#......#...............
##.#..#..#####+#@###.##.##.......
.........## #.#.................
..........####.#.###.##.##.......
.................................
......##..##.#.#.###.##..#######.
.....###...#.#.#.###.##..#######.
##...............................
###..###.#.#.#.#.........#.#####.
# #..# #.#...#.....#####.#.# #.


There were no monsters in sight!

Vanquished Creatures
  A giant cockroach (D:1)
  2 goblins (D:1)
  A hobgoblin (D:1)
  3 jackals (D:1)
  3 kobolds (D:1)
  A bat (D:1)
  A frilled lizard (D:1)
  3 rats (D:1)
15 creatures vanquished.

Notes
Turn   | Place    | Note
-------+----------+-------------------------------------------
     0 | D:1      | Gearfox the Draconian Skald began the quest for the Orb.
     0 | D:1      | Reached XP level 1. HP: 17/17 MP: 3/3
   484 | D:1      | Reached XP level 2. HP: 20/24 MP: 5/5
   579 | D:1      | Reached skill level 3 in Charms
   649 | D:1      | HP: 1/24 [poisoned by a kobold]
   650 | D:1      | Succumbed to a kobold's poison

Skill      XL: |  1  2 |
---------------+-------+-----
Charms         | 3 |  3.1
Fighting       | |  2.2
Long Blades    | |  2.2
Dodging        | |  2.4
Spellcasting   | |  2.0

Action                   || total
-------------------------++-------
Melee: Falchion          ||    43
 Cast: Infusion          ||     1
Armor: Skin              ||    16
Dodge: Dodged            ||    28
       Rpst.: Falchion   ||     8
